 Dungeon Crawl Stone Soup version 0.30-a0-862-g1aabd4f9c5 (webtiles) character file.

Game seed: 3709556103603406272

114 Mickster the Trooper (level 4, -2/50 HPs)
             Began as an Ogre Berserker on Mar 8, 2023.
             Was a Believer of Trog.
             Slain by a gnoll
             ... wielding a +0 spear
              (5 damage)
             ... on level 3 of the Dungeon.
             The game lasted 00:16:58 (1600 turns).

Mickster the Trooper (Ogre Berserker)               Turns: 1600, Time: 00:16:59

Health: -2/50      AC:  3    Str: 21    XL:     4   Next: 97%
Magic:  4/4        EV: 10    Int:  8    God:    Trog [**....]
Gold:   63         SH:  0    Dex: 10    Spells: 3/3 levels left

rFire   . . .      SeeInvis .    a - +0 hand axe
rCold   . . .      Faith    .    (no shield)
rNeg    . . .      Spirit   .    b - +0 animal skin
rPois   .          Reflect  .    (helmet restricted)
rElec   .          Rampage  .    (no cloak)
rCorr   .                        (gloves unavailable)
Will    .....                    (boots unavailable)
Stlth   +                        (no amulet)
HPRegen 0.28/turn                f - ring of wizardry
MPRegen 0.09/turn                i - ring of flight

@: flying
A: large, unfitting armour, tough skin 1
a: Renounce Religion, Berserk, Trog's Hand


You were on level 3 of the Dungeon.
You worshipped Trog.
Trog was pleased with you.
You visited 1 branch of the dungeon, and saw 3 of its levels.

You collected 63 gold pieces.

Inventory:

Hand Weapons
 a - a +0 hand axe (weapon)
 g - a +0 mace
Missiles
 d - 6 boomerangs (quivered)
Armour
 b - a +0 animal skin (worn)
Jewellery
 f - a ring of wizardry (left hand)
 i - a ring of flight (right hand)
Scrolls
 l - a scroll of identify
Potions
 c - a potion of brilliance
 e - a potion of degeneration {unknown}


   Skills:
 + Level 5.4 Fighting
 * Level 4.0 Axes
 + Level 0.3 Throwing
 + Level 3.3 Dodging


You had 3 spell levels left.
You didn't know any spells.
Your spell library contained the following spells:

 Spells                   Type           Power      Damage    Failure   Level
 Magic Dart               Conj           0%         1d3       17%         1
 Call Imp                 Summ           0%         N/A       26%         2
 Mephitic Cloud           Conj/Pois/Air  0%         N/A       45%         3
 Summon Ice Beast         Ice/Summ       0%         N/A       83%         4
 Summon Mana Viper        Hex/Summ       0%         N/A       99%         5
 Monstrous Menagerie      Summ           0%         N/A       100%        7


Dungeon Overview and Level Annotations

Branches:
Dungeon (3/15)

Altars:

Shops:
D:1 !


Innate Abilities, Weirdness & Mutations

You are too large for most types of armour.
You have tough skin. (AC +1)


Message History

You hit the bat.
You kill the bat!
Trog accepts your kill.
A goblin comes into view. It is wielding a +0 dagger.
A gnoll comes into view. It is wielding a +0 flail.
The goblin closely misses you.
The gnoll shouts!
The goblin hits you with a +0 dagger.
You hit the goblin but do no damage. The goblin hits you but does no damage.
You hit the goblin but do no damage.
A gnoll comes into view. It is wielding a +0 spear.
The goblin closely misses you.
You barely miss the goblin. The goblin hits you but does no damage.
You barely miss the goblin. The goblin hits you but does no damage.
You slash the goblin!
You kill the goblin!
Trog accepts your kill.
You barely miss the gnoll. The gnoll closely misses you.
A gnoll comes into view. It is wielding a +0 whip.
The gnoll barely misses you.
Things that are here:
a +0 dagger; a +0 sling; a goblin corpse The gnoll shouts!
The gnoll hits you from afar with a +0 spear.
The gnoll hits you with a +0 flail! The gnoll attacks as you move away!
The gnoll hits you with a +0 flail.
You closely miss the gnoll.
The gnoll hits you from afar with a +0 spear.
The gnoll hits you with a +0 flail.
You hit the gnoll.
The gnoll is lightly wounded.
The gnoll completely misses you. The gnoll hits you with a +0 whip.
* * * LOW HITPOINT WARNING * * *
The gnoll hits you with a +0 spear.
* * * LOW HITPOINT WARNING * * *
The gnoll hits you with a +0 flail.
* * * LOW HITPOINT WARNING * * *
The gnoll attacks as you move away! The gnoll hits you with a +0 spear.
You die...

..# *,,*#...###.# *.#
..# **.###......# *,**
..# *.....###..# *,,*
..# **#...###..# **,**
.## *,#....### *,,* .#
*,####..## **,*# .# *,*
##..######..# .# *,*
##g#g....#,* .# **,*
#.@g....#,* ,* **,,*
###.....#,* ,*
*,,********#.....#,* ,*
*,***,,,,,,...####,** ,*
**,**,,*****#### **,,*
,* **,,,,,** ****,,**
,***,,,**** ******,,,,**
,,,,,*********,,,,,,****
****,****,,,,,,******


You could see 3 gnolls.

Vanquished Creatures
  An orc priest (D:3)
  2 adders (D:2)
  A white imp (D:3)
  A worm (D:3)
  3 dart slugs
  3 orcs
  5 endoplasms (D:2)
  4 giant cockroaches
  6 goblins
  2 hobgoblins (D:2)
  4 jackals
  4 ball pythons
  5 bats
  A frilled lizard (D:2)
  2 kobolds
  3 rats (D:2)
47 creatures vanquished.

Vanquished Creatures (others)
  4 fungi (D:3)
4 creatures vanquished.

Grand Total: 51 creatures vanquished

Notes
Turn   | Place    | Note
-------+----------+-------------------------------------------
     0 | D:1      | Mickster the Ogre Berserker began the quest for the Orb.
     0 | D:1      | Reached XP level 1. HP: 24/24 MP: 1/1
   115 | D:1      | Reached XP level 2. HP: 32/32 MP: 2/2
   417 | D:1      | Found Dipom's Distillery.
   510 | D:2      | Found a faded altar of an unknown god.
   654 | D:2      | Reached XP level 3. HP: 38/40 MP: 3/3
   987 | D:2      | Reached skill level 5 in Fighting
  1132 | D:2      | Reached ** piety under Trog
  1142 | D:2      | Reached XP level 4. HP: 38/50 MP: 4/4
  1600 | D:3      | Slain by a gnoll

Illustrated notes

Levels and vault maps discovered:
D:1:      dpeg_arrival_short_road, layout_loops_ring, serial_shops, shop,
          minmay_bisected
D:2:      layout_loops_ring, ebering_ecumenical_altar_webs
D:3:      layout_rooms, uniq_crazy_yiuf_cottage

Skill      XL: |  1  2  3  4 |
---------------+-------------+-----
Dodging        | 3 |  3.3
Fighting       | 5 |  5.4
Axes           | 4 |  4.0
Throwing       | |  0.3

Action                     |  1- 3 |  4- 6 || total
---------------------------+-------+-------++-------
  Melee: Hand axe          |    99 |    51 ||   150
         Punch             |     3 |     1 ||     4
  Throw: Boomerang         |     4 |       ||     4
    Use: Scroll            |     4 |     2 ||     6
         Potion            |     2 |       ||     2
 Armour: Animal skin       |    38 |    23 ||    61
  Dodge: Dodged            |    58 |    39 ||    97

Table legend: (Time is in decaauts)
 A = Elapsed time spent in this place.
 B = Non-inter-level travel time spent in this place.
 C = Inter-level travel time spent in this place.
 D = Time resting spent in this place.
 E = Time spent auto-exploring this place.
 F = Levels seen in this place.
 G = Mean time per level.
                   A        B        C        D        E       F      G
               +--------+--------+--------+--------+--------+-----+--------+
         Total |   1619 |   1502 |    117 |    539 |      0 |   3 |  539.7 |
       Dungeon |   1619 |   1502 |    117 |    539 |      0 |   3 |  539.7 |
               +--------+--------+--------+--------+--------+-----+--------+

Top non-repeatable levels by time:
     D:2: 876 daAuts
     D:1: 514 daAuts
     D:3: 228 daAuts
